 Dungeon Crawl Stone Soup version 0.23.0 (webtiles) character file.

Game seed: 8304566625732994076

5860 LostNumber the Cleaver (level 10, -10/91 HPs)
             Began as a Hill Orc Abyssal Knight on Feb 10, 2019.
             Was a Priest of Lugonu.
             Mangled by a yak (11 damage)
             ... on level 10 of the Dungeon.
             The game lasted 00:20:18 (12479 turns).

LostNumber the Cleaver (Hill Orc Abyssal Knight)   Turns: 12479, Time: 00:20:18

Health: -10/91     AC: 17    Str: 19    XL:     10   Next: 81%
Magic:  17/17      EV:  6    Int: 12    God:    Lugonu [***...]
Gold:   109        SH:  4    Dex: 10    Spells: 9/9 levels left

rFire    . . .     SeeInvis .   A - +3 war axe
rCold    + . .     Gourm    .   F - +0 buckler
rNeg     . . .     Faith    .   D - +0 plate armour
rPois    .         Spirit   .   n - +0 helmet
rElec    .         Reflect  .   (no cloak)
rCorr    .         Harm     .   (no gloves)
MR       .....                  r - +1 pair of boots
Stlth    ..........             (no amulet)
HPRegen  0.25/turn              o - ring of protection from cold
MPRegen  0.15/turn              (no ring)

@: no status effects
A: no striking features
a: Depart the Abyss, Bend Space, Banish, Renounce Religion


You were on level 10 of the Dungeon.
You worshipped Lugonu.
Lugonu was most pleased with you.
You were hungry.

You visited 1 branch of the dungeon, and saw 10 of its levels.
You visited the Abyss 1 time.

You collected 109 gold pieces.

Inventory:

Hand Weapons
 a - a +2 hand axe
 t - a +1 mace of crushing
   (You took it off an orc on level 6 of the Dungeon)
 w - a +2 flail of draining
   (You took it off an orc on level 6 of the Dungeon)
 A - a +3 war axe (weapon)
   (You took it off a wight on level 7 of the Dungeon)
Missiles
 q - 3 throwing nets (quivered) {!f}
Armour
 b - a +0 leather armour
 j - a +0 cloak
   (You found it on level 9 of the Dungeon)
 k - a +0 chain mail
   (You found it on level 1 of the Dungeon)
 n - a +0 helmet (worn)
   (You found it on level 7 of the Dungeon)
 r - a +1 pair of boots (worn)
   (You found it on level 3 of the Dungeon)
 C - a +1 shield of cold resistance
   (You found it on level 9 of the Dungeon)
 D - a +0 plate armour (worn)
   (You took it off an orc warrior on level 8 of the Dungeon)
 F - a +0 buckler (worn)
   (You found it on level 9 of the Dungeon)
Jewellery
 o - a ring of protection from cold (left hand)
   (You found it on level 7 of the Dungeon)
Wands
 d - a wand of iceblast (4)
   (You found it on level 5 of the Dungeon)
Scrolls
 c - 4 scrolls of fog
 i - 4 scrolls of remove curse {@r2}
 m - a scroll of magic mapping
 p - 5 scrolls of teleportation {@r4}
 s - 2 scrolls of enchant weapon
 u - 3 scrolls of fear
 x - a scroll of identify {@r1}
 y - 2 scrolls of blinking {unknown}
Potions
 f - 2 potions of flight
 g - a potion of invisibility
 h - 3 potions of brilliance
 l - 6 potions of curing {@q1}
 v - a potion of might
 z - a potion of heal wounds {unknown}
 B - a potion of magic {unknown}
 E - 2 potions of haste {@q3}
Comestibles
 e - 7 rations {!d}


   Skills:
 + Level 9.2 Fighting
 * Level 12.8 Axes
 + Level 8.0 Armour
 - Level 0.7 Dodging
 + Level 2.2 Shields
 + Level 9.4 Invocations


You had 9 spell levels left.
You didn't know any spells.
Your spell library contained the following spells:

 Spells                   Type           Power        Failure   Level  Hunger
 Summon Small Mammal      Summ           #...         100%        1    ##.....
 Call Imp                 Summ           #.......     100%        2    ###....
 Call Canine Familiar     Summ           #.......     100%        3    ####...
 Summon Guardian Golem    Hex/Summ       #.......     100%        3    ####...
 Summon Ice Beast         Ice/Summ       #.......     100%        4    #####..
 Summon Lightning Spire   Summ/Air       #.......     100%        4    #####..


Dungeon Overview and Level Annotations

Branches:
Dungeon (10/15)            Temple (0/1) D:7             Orc (0/2) D:9
   Lair: D:8-11

Altars:
Ashenzari
Cheibriados
Dithmenos
Elyvilon
Fedhas
Gozag
Makhleb
Nemelex Xobeh
Qazlal
Uskayaw
Vehumet
Yredelemnul
Zin

Shops:
D:5 (   D:9 ?

Annotations:
D:8 Maurice


Message History

You hit the yak but do no damage. You barely miss the yak.
You closely miss the yak. You slash the yak! The yak gores you! x2
The yak gores you but does no damage. x2
You closely miss the yak. You hit the yak. You hit the yak but do no damage.
You slash the yak! You hit the yak. The yak gores you but does no damage.
The yak gores you.
The yak gores you but does no damage. x2
You hit the yak. You hit the yak but do no damage. You slash the yak! x2
You closely miss the yak. The yak gores you!
The yak gores you but does no damage. You block the yak's attack.
The yak barely misses you. The yak gores you.
You hit the yak but do no damage. You slash the yak! You hit the yak. x2
You slash the yak!
The yak gores you but does no damage. x2
The yak gores you.
* * * LOW HITPOINT WARNING * * *
The yak gores you.
* * * LOW HITPOINT WARNING * * *
The yak gores you.
* * * LOW HITPOINT WARNING * * *
You hit the yak. x2; You closely miss the yak.
You hit the yak. x2
The yak gores you but does no damage. The yak closely misses you.
The yak gores you but does no damage.
Unknown command.
Your plate armour prevents you from hitting the yak.
You hit the yak. You slash the yak! You barely miss the yak.
Your plate armour prevents you from hitting the yak.
The yak gores you.
* * * LOW HITPOINT WARNING * * *
The yak closely misses you. The yak gores you but does no damage.
The yak gores you.
* * * LOW HITPOINT WARNING * * *
You hit the yak. x2
Your plate armour prevents you from hitting the yak.
You slash the yak!
You kill the yak!
Lugonu accepts your kill.
You slash the yak! The yak gores you!
* * * LOW HITPOINT WARNING * * *
The yak gores you.
* * * LOW HITPOINT WARNING * * *
The yak gores you but does no damage. x2
Your plate armour prevents you from hitting the yak. x2
You hit the yak.
You kill the yak!
Lugonu accepts your kill.
Your Armour skill increases to level 8!
Your plate armour prevents you from hitting the yak.
The yak gores you but does no damage. The yak gores you!
* * * LOW HITPOINT WARNING * * *
The yak gores you!
You die...

...... ..
......#######..
#.............
#.....%.......
#...........
#.....S...
#....YYY# #....†@†#
#..(....#
####%......#
...........#
...........#
...........#
...........# ..
...........#
.##+########......#


You could see 3 yaks and an adder.

Vanquished Creatures
  Harold (D:8)
  Joseph (D:8)
  A troll (D:9)
  2 yaks (D:10)
  2 steam dragons
  A water moccasin (D:10)
  5 orc warriors
  6 ogres
  2 phantoms (D:8)
  A centaur (D:7)
  2 big kobolds
  2 bullfrogs
  2 gnoll sergeants (D:9)
  3 scorpions
  2 killer bees
  5 wights
  A centaur zombie (D:6)
  7 crimson imps
  5 orc priests
  4 hounds
  3 jellies
  9 orc wizards
  Natasha (thrice) (D:2)
  Terence (D:2)
  3 iguanas
  9 worker ants
  A killer bee zombie (D:2)
  A hound zombie (D:5)
  A hound skeleton (D:4)
  9 gnolls
  4 adders
  A howler monkey zombie (D:5)
  2 river rats (D:5)
  3 shadow imps
  3 oozes
  An adder skeleton (D:7)
  3 worms
  2 dart slugs (D:1)
  9 leopard geckos
  26 orcs
  5 giant cockroaches
  7 hobgoblins
  17 jackals
  18 kobolds
  2 quokkas (D:2)
  A ball python (D:4)
  8 bats
  6 frilled lizards
  12 goblins
  A leopard gecko zombie (D:6)
  A quokka skeleton (D:7)
  8 rats
235 creatures vanquished.

Vanquished Creatures (others)
  A hornet (D:9)
  A hungry ghost (D:8)
  A steam dragon (D:8)
  A gnoll (D:9)
  An orc (D:9)
5 creatures vanquished.

Grand Total: 240 creatures vanquished

Notes
Turn   | Place    | Note
-------+----------+-------------------------------------------
     0 | Abyss:1  | LostNumber the Hill Orc Abyssal Knight began the quest for
                  | the Orb.
     0 | Abyss:1  | Reached XP level 1. HP: 19/19 MP: 2/2
    62 | Abyss:1  | Noticed a profane servitor
    63 | D:1      | Escaped the Abyss
   268 | D:1      | Reached skill level 3 in Axes
   285 | D:1      | Reached * piety under Lugonu
   291 | D:1      | Reached XP level 2. HP: 18/27 MP: 3/3
  1078 | D:1      | Reached XP level 3. HP: 30/33 MP: 5/5
  1414 | D:2      | Found a shattered altar of Ashenzari.
  1428 | D:2      | Noticed Natasha
  1440 | D:2      | Killed Natasha
  1440 | D:2      | Reached skill level 4 in Axes
  1440 | D:2      | Reached XP level 4. HP: 25/40 MP: 6/6
  2223 | D:2      | Reached XP level 5. HP: 28/47 MP: 7/7
  2433 | D:2      | Noticed Terence
  2444 | D:2      | Killed Terence
  2444 | D:2      | Noticed Natasha
  2451 | D:2      | Reached ** piety under Lugonu
  2456 | D:2      | Killed Natasha
  2456 | D:2      | Reached skill level 5 in Axes
  2494 | D:2      | Noticed Natasha
  2671 | D:2      | Killed Natasha
  3020 | D:2      | Reached XP level 6. HP: 27/55 MP: 9/9
  3488 | D:2      | Found a sparkling altar of Nemelex Xobeh.
  3878 | D:3      | Found a stormy altar of Qazlal.
  3906 | D:3      | Found a hide-covered altar of Uskayaw.
  3920 | D:3      | Noticed a +0 dagger
  3921 | D:3      | Noticed a +0 dagger
  3977 | D:3      | Reached skill level 5 in Fighting
  4016 | D:3      | Found a snail-covered altar of Cheibriados.
  4143 | D:3      | Reached skill level 6 in Axes
  4348 | D:4      | Found an opulent altar of Gozag.
  4357 | D:4      | Found a blossoming altar of Fedhas.
  4871 | D:5      | Entered Level 5 of the Dungeon
  4904 | D:5      | Reached XP level 7. HP: 58/61 MP: 10/10
  5092 | D:5      | Found a radiant altar of Vehumet.
  5106 | D:5      | Reached skill level 5 in Invocations
  5143 | D:5      | Reached skill level 7 in Axes
  5144 | D:5      | Found Juhilurr's Weapon Boutique.
  5225 | D:5      | Reached *** piety under Lugonu
  6063 | D:6      | Reached XP level 8. HP: 35/70 MP: 12/12
  6082 | D:6      | Reached skill level 8 in Axes
  6298 | D:6      | Found a white marble altar of Elyvilon.
  6601 | D:6      | Reached skill level 5 in Armour
  7208 | D:4      | Found a glowing silver altar of Zin.
  7396 | D:7      | Reached skill level 9 in Axes
  7400 | D:7      | Found a burning altar of Makhleb.
  7427 | D:7      | Found a staircase to the Ecumenical Temple.
  7713 | D:7      | Reached XP level 9. HP: 73/78 MP: 14/14
  8132 | D:8      | Reached skill level 10 in Axes
  8170 | D:8      | Noticed Joseph
  8186 | D:8      | Killed Joseph
  8511 | D:8      | Noticed Harold
  8533 | D:8      | Killed Harold
  8533 | D:8      | Reached skill level 11 in Axes
  8836 | D:8      | Reached XP level 10. HP: 85/88 MP: 16/16
  9340 | D:8      | Noticed Maurice
  9905 | D:8      | Found a shadowy altar of Dithmenos.
 10321 | D:9      | HP: 2/90 [steam dragon/ball of steam (14)]
 10325 | D:8      | Reached skill level 12 in Axes
 10938 | D:9      | Found a staircase to the Orcish Mines.
 11607 | D:9      | Reached skill level 1 in Shields
 11630 | D:9      | Found Rekhakag's Magic Scroll Emporium.
 12161 | D:10     | Entered Level 10 of the Dungeon
 12161 | D:10     | Found a basalt altar of Yredelemnul.
 12479 | D:10     | HP: 1/91 [yak (11)]
 12479 | D:10     | Mangled by a yak

Skill      XL: |  1  2  3  4  5  6  7  8  9 10 |
---------------+-------------------------------+-----
Axes           | 3 4 5 6 7 9 11 12 | 12.8
Fighting       | 4 5 6 8 9 |  9.2
Invocations    | 3 4 5 6 8 9 |  9.4
Armour         | 3 4 5 7 8 |  8.0
Shields        | 2 |  2.2
Dodging        | |  0.7

Action                   |  1- 3 |  4- 6 |  7- 9 | 10-12 || total
-------------------------+-------+-------+-------+-------++-------
Melee: Hand axe          |    86 |   272 |   153 |       ||   511
       Flail             |       |       |   236 |   163 ||   399
       War axe           |       |       |       |   127 ||   127
Throw: Throwing net      |       |     1 |       |       ||     1
Invok: Depart the Abyss  |     1 |       |       |       ||     1
       Banish            |       |       |     1 |     3 ||     4
  Use: Scroll            |       |     6 |     6 |     4 ||    16
       Potion            |       |     1 |     3 |     2 ||     6
  Eat: Chunk             |     2 |     6 |     7 |     8 ||    23
       Ration            |       |     1 |     3 |     1 ||     5
Armor: Leather armour    |     6 |       |       |       ||     6
       Chain mail        |    26 |   193 |   284 |   146 ||   649
       Skin              |       |       |     1 |    35 ||    36
       Plate armour      |       |       |       |    92 ||    92
Dodge: Dodged            |    34 |    95 |   177 |   125 ||   431
Block: Buckler           |       |       |       |     7 ||     7
